 Dungeon Crawl Stone Soup version 0.19.1 (webtiles) character file.

107 empire the Chiller (level 4, -3/26 HPs)
             Began as a Gargoyle Ice Elementalist on Dec 12, 2016.
             Slain by a sickly siren
             ... wielding a +0 spear
              (7 damage)
             ... in a sewer on Dec 13, 2016.
             The game lasted 00:08:33 (2617 turns).

empire the Chiller (Gargoyle Ice Elementalist)      Turns: 2617, Time: 00:08:34

Health: -3/26      AC:  5    Str: 11    XL:     4   Next: 85%
Magic:  1/8        EV: 12    Int: 22    God:
Gold:   114        SH:  0    Dex: 10    Spells: 3 memorised, 0 levels left

rFire  . . .     SeeInvis .     a - +0 whip
rCold  . . .     Gourm    .     e - +0 robe
rNeg   + . .     Faith    .     (no shield)
rPois  ∞         Spirit   .     (no helmet)
rElec  +         Reflect  .     (no cloak)
rCorr  .         Harm     .     (no gloves)
MR     .....                    (no boots)
Stlth  ++........               (no amulet)
                                (no ring)
                                (no ring)

@: brilliant, very slightly contaminated, hasted, very quick
A: negative energy resistance 1, electricity resistance, unbreathing,
petrification resistance, rot immunity, AC +3
a: no special abilities


You were in a sewer.
You were not hungry.

You visited 1 branch of the dungeon, and saw 3 of its levels.
You also visited: Sewer.

You collected 114 gold pieces.

Inventory:

Hand Weapons
 a - a +0 whip (weapon)
 b - a +0 dagger
Missiles
 f - 20 arrows
Armour
 e - a +0 robe (worn)
 r - a +0 leather armour
Scrolls
 g - 2 scrolls of identify {unknown}
 k - a scroll of fog
 o - 3 scrolls of magic mapping
 q - a scroll of fear {unknown}
Potions
 j - a potion of brilliance
Books
 i - a book of Frost

   Spells                             Type                      Level
   a - Freeze                         Ice                          1
   b - Throw Frost                    Conjuration/Ice              2
   c - Ozocubu's Armour               Charms/Ice                   3
   d - Throw Icicle                   Conjuration/Ice              4
   e - Summon Ice Beast               Ice/Summoning                4
Comestibles
 c - a bread ration
 d - a beef jerky
 l - 6 chunks of flesh
 n - a slice of pizza


   Skills:
 - Level 2.0 Fighting
 - Level 1.5 Dodging
 - Level 3.0 Stealth
 + Level 2.6 Spellcasting
 + Level 1.3 Conjurations
 + Level 1.2 Charms
 + Level 3.6 Ice Magic


You couldn't memorise any spells.
You knew the following spells:

 Your Spells              Type           Power        Failure   Level  Hunger
a - Freeze                Ice            ####         1%          1    None
b - Ozocubu's Armour      Chrm/Ice       ####....     1%          3    ###....
c - Throw Icicle          Conj/Ice       ####....     7%          4    ####...


Dungeon Overview and Level Annotations

Branches:
Dungeon (3/15)

Altars:
Elyvilon
Okawaru

Annotations:
D:2 Natasha


Innate Abilities, Weirdness & Mutations

You are resistant to torment.
Your stone body is resilient. (AC +3)
You are immune to poison.
You resist negative energy. (rN+)
You are resistant to electric shocks. (rElec)
You can survive without breathing.
You are immune to petrification.
You are immune to rotting.


Message History

You feel a little less clever now.
The giant cockroach bites you but does no damage.
The rat splashes around in the water.
The sickly siren closely misses you.
The giant cockroach splashes around in the water.
It was a potion of haste.
You feel yourself speed up.
The rat splashes around in the water.
The giant cockroach barely misses you.
The sickly siren chants a haunting song.
You resist.
You are very lightly contaminated with residual magic.
You feel clever all of a sudden.
The rat splashes around in the water.
Casting: Freeze
Confirm with . or Enter, or press ? or * to list all spells.
Aiming: Freeze
Press: ? - help, Shift-Dir - straight line, f/p - giant cockroach
Aim: a giant cockroach (almost dead)
You freeze the giant cockroach.
You kill the giant cockroach!
The sickly siren hits you with a spear!
You die...

#∩∩≈≈ #####
######
##########≈≈
#$$$..
#≈≈≈≈≈≈≈≈≈≈≈
..≈.
###≈≈≈########
####≈###≈≈≈#.#
#≈≈≈≈≈≈≈≈≈##.#
#≈≈rm†.....÷.#
#≈≈≈@††#######
#≈≈≈≈...##
##≈...###
#####


You could see a sickly siren and a rat.

Vanquished Creatures
  4 adders
  A worm (D:3)
  2 dart slugs (D:1)
  6 leopard geckos
  2 ball pythons
  4 giant cockroaches
  5 goblins
  3 hobgoblins
  2 jackals (D:1)
  5 kobolds
  4 bats
  4 frilled lizards
  21 rats
63 creatures vanquished.

Notes
Turn   | Place    | Note
-------+----------+-------------------------------------------
     0 | D:1      | empire the Gargoyle Ice Elementalist began the quest for the Orb.
     0 | D:1      | Reached XP level 1. HP: 10/10 MP: 3/3
   189 | D:1      | Reached XP level 2. HP: 9/16 MP: 3/5
   376 | D:1      | Reached skill level 1 in Fighting
   926 | D:1      | Reached XP level 3. HP: 17/21 MP: 6/6
   931 | D:1      | Learned a level 3 spell: Ozocubu's Armour
  1530 | D:2      | Found a faded altar of an unknown god.
  1724 | D:2      | Found an iron altar of Okawaru.
  1766 | D:2      | Noticed Natasha
  1787 | D:2      | Found a white marble altar of Elyvilon.
  1922 | D:2      | Reached XP level 4. HP: 26/26 MP: 7/7
  2232 | D:3      | Reached skill level 1 in Charms
  2285 | D:3      | Found a glowing drain.
  2289 | Sewer    | Entered a sewer
  2553 | Sewer    | Learned a level 4 spell: Throw Icicle
  2617 | Sewer    | Slain by a sickly siren

Skill      XL: |  1  2  3  4 |
---------------+-------------+-----
Fighting       | 1 2 |  2.0
Stealth        | 3 |  3.0
Charms         | 1 |  1.2
Dodging        | |  1.5
Spellcasting   | |  2.6
Conjurations   | |  1.3
Ice Magic      | |  3.6

Action                   |  1- 3 |  4- 6 || total
-------------------------+-------+-------++-------
Melee: Whip              |   111 |    84 ||   195
 Cast: Freeze            |    16 |    16 ||    32
       Ozocubu's Armour  |       |     1 ||     1
  Use: Potion            |       |     5 ||     5
       Scroll            |       |     3 ||     3
 Stab: Sleeping          |     4 |     5 ||     9
  Eat: Chunk             |     3 |     3 ||     6
Armor: Robe              |    50 |    38 ||    88
Dodge: Dodged            |    78 |    84 ||   162
